 Dungeon Crawl Stone Soup version 0.30-a0-719-gcc4359ea44 (webtiles) character file.

Game seed: 11788403988919860432

195 Dittersdorf the Covered (level 5, 0/34 HPs)
             Began as a Gargoyle Fighter on Jan 26, 2023.
             Slain by an ogre
             ... wielding a +0 giant club
              (26 damage)
             ... on level 3 of the Dungeon.
             The game lasted 00:03:19 (2551 turns).

Dittersdorf the Covered (Gargoyle Fighter)          Turns: 2551, Time: 00:03:20

Health: 0/34       AC: 17    Str: 21    XL:     5   Next: 74%
Magic:  5/5        EV:  9    Int:  9    God:
Gold:   140        SH:  4    Dex:  9    Spells: 4/4 levels left

rFire   . . .      SeeInvis .    q - +0 morningstar
rCold   . . .      Faith    +    c - +0 buckler
rNeg    + . .      Spirit   .    b - +0 scale mail
rPois   ∞          Reflect  .    n - +2 helmet
rElec   +          Harm     .    r - +1 cloak
rCorr   .          Rampage  .    (no gloves)
Will    .....                    g - +0 pair of boots Stlth
                                 l - amulet of faith
HPRegen 0.25/turn                (no ring)
MPRegen 0.09/turn                (no ring)

@: no status effects
A: sickness immunity, AC +4, negative energy resistance 1, electricity
resistance, torment resistance 1, petrification resistance
a: no special abilities


You were on level 3 of the Dungeon.
You visited 1 branch of the dungeon, and saw 4 of its levels.

You collected 140 gold pieces.

Inventory:

Hand Weapons
 q - a +0 morningstar (weapon)
Missiles
 p - a curare-tipped dart (quivered)
Armour
 b - a +0 scale mail (worn)
 c - a +0 buckler (worn)
 g - a +0 pair of boots (worn)
 n - a +2 helmet (worn)
 r - a +1 cloak (worn)
Jewellery
 l - an amulet of faith (around neck)
Scrolls
 e - 3 scrolls of teleportation {unknown}
 h - 6 scrolls of identify {unknown}
 j - 3 scrolls of poison {unknown}
 k - 2 scrolls of blinking {unknown}
Potions
 a - a potion of magic {unknown}
 d - 2 potions of might
 f - 2 potions of curing {unknown}
 i - 3 potions of heal wounds {unknown}
 m - a potion of cancellation {unknown}
 o - a potion of invisibility {unknown}


   Skills:
 + Level 4.4 Fighting
 + Level 3.3 Maces & Flails
 + Level 4.4 Armour
 + Level 4.4 Shields


You had 4 spell levels left.
You didn't know any spells.
Your spell library contained the following spells:

 Spells                   Type           Power      Damage    Failure   Level
 Apportation              Tloc           0%         N/A       80%         1
 Necrotise                Necr           0%         1d4       80%         1
 Summon Small Mammal      Summ           0%         N/A       80%         1
 Wereblood                Tmut           0%         N/A       91%         2
 Dispel Undead            Necr           0%         3d6       100%        4
 Petrify                  Tmut/Erth      0%         N/A       100%        4
 Irradiate                Conj/Tmut      0%         3d11      100%        5
 Death Channel            Necr           0%         N/A       100%        6
 Summon Hydra             Summ           0%         N/A       100%        7
 Cigotuvi's Dreadful Rot  Necr/Pois/Air  Unusable   N/A       N/A         2
 Sublimation of Blood     Necr           Unusable   N/A       N/A         2

Dungeon Overview and Level Annotations

Branches:
Dungeon (4/15)
 Temple: D:4-7

Altars:

Annotations:
D:1 1 runed translucent door


Innate Abilities, Weirdness & Mutations

You are immune to sickness and miasma.
Your stone body is resilient. (AC +4)
You are immune to poison.
You resist negative energy. (rN+)
You are resistant to electric shocks. (rElec)
You are resistant to unholy torment.
You are immune to petrification.


Message History

No target in view!
No target in view!
No target in view!
No target in view!
No target in view!
No target in view!
No target in view!
No target in view!
No target in view!
No target in view!
No target in view!
You climb downwards.
The ogre closely misses you.
There is a stone staircase leading up here.
Throw: 4 darts (curare)
Press: ? - help, Q - select action Shift-Dir - straight line, f - ogre
Aim: an ogre, wielding a +0 giant club (72% to hit)
You throw a curare-tipped dart.
The curare-tipped dart barely misses the ogre.
A hobgoblin comes into view.
The ogre hits you with a +0 giant club!
You climb upwards.
There is a stone staircase leading down here.
Throw: 3 darts (curare)
Press: ? - help, Q - select action Shift-Dir - straight line, f - ogre
Aim: an ogre, wielding a +0 giant club (72% to hit)
You throw a curare-tipped dart.
The curare-tipped dart barely misses the ogre.
The ogre closely misses you.
Throw: 2 darts (curare)
Press: ? - help, Q - select action Shift-Dir - straight line, f/p - ogre
Aim: an ogre, wielding a +0 giant club (72% to hit)
You throw a curare-tipped dart. The curare-tipped dart hits the ogre.
The ogre is poisoned.
The ogre convulses.
The ogre seems to slow down.
The ogre is lightly wounded.
You barely miss the ogre.
The ogre is lightly wounded.
The ogre hits you with a +0 giant club!!
Ouch! That really hurt!
You die...

##### ♣♣##.....#
#####.# #####.# ###
#####..##.# #.#
#.#.##.##.# ##.#
#<#.##.##.# ...###
#.#.......# .....#
#.##.#.#### #..#.#
#.##@#.#
#..#.########..†.O.#
#....##.....####)###
#.##.##.....####.#####
..†.........##.......#
####.##.....##.#[###.#
#..........##.#.###.#
##..)..#######.#..##.#
.......# #.##.##.#


You could see an ogre (very poisoned, slow).

Vanquished Creatures
  Crazy Yiuf (D:3)
  Terence (D:2)
  5 adders
  2 worms (D:3)
  2 dart slugs
  5 orcs (D:3)
  4 bats
  9 endoplasms
  3 giant cockroaches
  10 hobgoblins
  4 quokkas
  6 ball pythons
  2 frilled lizards
  5 goblins
  10 kobolds
  9 rats
78 creatures vanquished.

Notes
Turn   | Place    | Note
-------+----------+-------------------------------------------
     0 | D:1      | Dittersdorf the Gargoyle Fighter began the quest for the
                  | Orb.
     0 | D:1      | Reached XP level 1. HP: 14/14 MP: 1/1
     1 | D:1      | Found a runed translucent door.
   258 | D:1      | Reached XP level 2. HP: 19/19 MP: 2/2
   896 | D:2      | Reached XP level 3. HP: 23/23 MP: 3/3
  1319 | D:2      | Reached XP level 4. HP: 29/29 MP: 4/4
  1414 | D:2      | Noticed Terence
  1428 | D:2      | Killed Terence
  1829 | D:3      | Reached XP level 5. HP: 33/33 MP: 5/5
  2254 | D:3      | Found a faded altar of an unknown god.
  2494 | D:3      | Found a runed translucent door.
  2495 | D:3      | Noticed Crazy Yiuf
  2501 | D:3      | Killed Crazy Yiuf
  2537 | D:4      | Noticed an ogre
  2551 | D:3      | Slain by an ogre

Illustrated notes

Levels and vault maps discovered:
D:1:      dpeg_arrival_caged_fury, layout_loops_corners
D:2:      layout_loops_ring, amcnicky_mini_rare_corridor_liquid, minivault_4,
          minmay_3d_cube, uniq_terence
D:3:      layout_loops_cross, nicolae_ecumenical_lake_church,
          minmay_misc_feat_four_crosses, uniq_crazy_yiuf_cottage
D:4:      layout_loops_ring, gammafunk_ghost_smash, lexackson_kobold_supper,
          uniq_sigmund, uniq_eustachio

Skill      XL: |  1  2  3  4 |
---------------+-------------+-----
Fighting       | 4 |  4.4
Armour         | 4 |  4.4
Shields        | 4 |  4.4
Maces & Flails | 3 |  3.3

Action                     |  1- 3 |  4- 6 || total
---------------------------+-------+-------++-------
  Melee: Flail             |    98 |   118 ||   216
         Morningstar       |       |     7 ||     7
  Throw: Dart              |       |     4 ||     4
 Armour: Scale mail        |    56 |    66 ||   122
  Dodge: Dodged            |    46 |    53 ||    99
  Block: Buckler           |    29 |    29 ||    58

Table legend: (Time is in decaauts)
 A = Elapsed time spent in this place.
 B = Non-inter-level travel time spent in this place.
 C = Inter-level travel time spent in this place.
 D = Time resting spent in this place.
 E = Time spent auto-exploring this place.
 F = Levels seen in this place.
 G = Mean time per level.
                   A        B        C        D        E       F      G
               +--------+--------+--------+--------+--------+-----+--------+
         Total |   2620 |   2463 |    157 |      0 |   1879 |   4 |  655.0 |
       Dungeon |   2620 |   2463 |    157 |      0 |   1879 |   4 |  655.0 |
               +--------+--------+--------+--------+--------+-----+--------+

Top non-repeatable levels by time:
     D:1: 929 daAuts
     D:2: 844 daAuts
     D:3: 840 daAuts
     D:4: 5 daAuts
